 Dungeon Crawl Stone Soup version 0.29.0-4-gdea44cf6ec (webtiles) character file.

Game seed: 323709160950210429

100 qw the Chopper (level 4, 0/25 (26) HPs)
             Began as a Tengu Warper on Aug 28, 2022.
             Slain by Crazy Yiuf
             ... wielding a +3 quarterstaff of chaos
              (1 damage)
             ... on level 2 of the Dungeon.
             The game lasted 00:00:24 (2576 turns).

qw the Chopper (Tengu Warper)                       Turns: 2576, Time: 00:00:25

HP:   0/25 (26)     AC:  8    Str: 13 (14) XL:     4   Next: 73%
MP:   8/8           EV: 10    Int: 12 (13) God:
Gold: 86            SH:  0    Dex: 17 (18) Spells: 7/7 levels left

rFire   . . .      SeeInvis .   Y - +0 hand axe
rCold   . . .      Faith    .   (no shield)
rNeg    . . .      Spirit   .   c - +0 chain mail
rPois   .          Reflect  .   (helmet restricted)
rElec   +          Harm     .   (no cloak)
rCorr   +          Rampage  .   (no gloves)
Will    .....                   (boots unavailable)
Stlth   ..........              (no amulet)
HPRegen 0.08/turn               f - +4 ring of evasion
MPRegen 0.11/turn               a - ring of the Moon {Wiz Drain rElec rCorr Dex+5}

@: lethally poisoned (0 -> -10), lightly drained
A: beak, talons 3
a: no special abilities


You were on level 2 of the Dungeon.
You visited 1 branch of the dungeon, and saw 3 of its levels.

You collected 86 gold pieces.


Innate Abilities, Weirdness & Mutations

You have a beak for a mouth.
You have claws for feet.


   Skills:
 - Level 2.0 Fighting
 + Level 5.2 Axes
 - Level 1.0 Throwing
 - Level 1.1 Armour
 - Level 2.1 Dodging
 - Level 2.0 Spellcasting
 - Level 2.4 Translocations


You had 7 spell levels left.
You didn't know any spells.
Your spell library contained the following spells:

 Spells                   Type           Power      Damage    Failure   Level
 Blink                    Tloc           12%        N/A       89%         2
 Gell's Gravitas          Tloc           6%         N/A       98%         3
 Lesser Beckoning         Tloc           6%         N/A       98%         3
 Teleport Other           Tloc           6%         N/A       98%         3
 Manifold Assault         Tloc           6%         N/A       100%        5

Inventory:

Hand Weapons
 o - a +0 morningstar
 Y - a +0 hand axe (weapon)
Missiles
 k - 5 boomerangs (quivered)
Armour
 c - a +0 chain mail (worn)
Jewellery
 a - the ring of the Moon (right hand) {Wiz Drain rElec rCorr Dex+5}
   (You acquired it on level 1 of the Dungeon)

   [ring of wizardry]

   It improves your spell success rate.
   Dex:       It affects your dexterity (+5).
   rElec:     It insulates you from electricity.
   rCorr:     It protects you from acid and corrosion.
   Drain:     It drains your maximum health when unequipped.
 f - a +4 ring of evasion (left hand)
Scrolls
 i - a scroll of identify
Potions
 d - a potion of cancellation {unknown}
 e - 2 potions of curing
 h - a potion of attraction {unknown}
 j - a potion of brilliance {unknown}
 n - a potion of magic {unknown}

Dungeon Overview and Level Annotations

Branches:
Dungeon (3/15)

Altars:

Annotations:
D:2 Crazy Yiuf


Message History

Crazy Yiuf shouts!
Crazy Yiuf laughs, "Orb Xom mumblescurry!"
You see here a +0 scale mail.
Could not explore, unopened runed door.
2569 ||| READING 2 scrolls labelled AMUEHU QIUSHA.
As you read the scroll labelled AMUEHU QIUSHA, it crumbles to dust.
The air around you briefly surges with heat, but it dissipates.
It was a scroll of immolation.
Crazy Yiuf laughs, "Ghoul tortoise ragdoll!"
Could not explore, unopened runed door.
2570 ||| READING 2 scrolls labelled WOUBLI LOSUMY.
The air fills with toxic fumes!
As you read the scroll labelled WOUBLI LOSUMY, it crumbles to dust.
It was a scroll of poison.
Could not explore, unopened runed door.
2571 ||| DROPPING scroll of immolation.
You drop a scroll of immolation.
Could not explore, unopened runed door.
2572 ||| DROPPING scroll of poison.
You drop a scroll of poison.
Could not explore, unopened runed door.
(D) Dungeon
Where to? (* - list waypoints, Enter - D:3, ? - help)
What level of the Dungeon? (default 1, ? - help) Sorry, I don't know how to get there.
Could not explore, unopened runed door.
2573 ||| Stepping randomly (stuck).
You open the door. You hit Crazy Yiuf. Your kick misses Crazy Yiuf.
Crazy Yiuf is lightly wounded.
Crazy Yiuf hits you with a +3 quarterstaff of chaos!
You are poisoned.
You hit Crazy Yiuf but do no damage.
Crazy Yiuf is lightly wounded.
You feel very sick. Crazy Yiuf completely misses you.
You hit Crazy Yiuf but do no damage. You claw Crazy Yiuf.
Crazy Yiuf is lightly wounded.
You feel sick.
Crazy Yiuf screams, "Cake hand pontify!"
Crazy Yiuf hits you with a +3 quarterstaff of chaos!
You feel drained.
You die...

#......# #.#. #......#
#.## #####.####.##
#..##..## ##.##.##.
77777###.##.#.. ###
777¤7.))).......#
#...#7¤¤7.)))))....###
#...g@7777)))).....##.
#)..#77 77))))....#..
### 77##.....#..
#.....#.. #........
##........ #........#
#......... #.........


You could see Crazy Yiuf.

Vanquished Creatures
  2 adders
  3 worms
  3 dart slugs
  An orc (D:2)
  5 endoplasms
  2 giant cockroaches
  4 goblins (D:1)
  7 hobgoblins
  10 jackals
  4 kobolds
  2 ball pythons
  7 bats
  4 frilled lizards (D:1)
  9 rats
63 creatures vanquished.

Notes
Turn   | Place    | Note
-------+----------+-------------------------------------------
     0 | D:1      | qw the Tengu Warper began the quest for the Orb.
     0 | D:1      | Reached XP level 1. HP: 12/12 MP: 4/4
     0 | D:1      | 0 ||| qw: Version: 0.1-a-89-g26bdef1
     0 | D:1      | 0 ||| qw: Game counter: 3416
     0 | D:1      | 0 ||| qw: Always use a shield: true
     0 | D:1      | 0 ||| qw: God list: Okawaru
     0 | D:1      | 0 ||| qw: Allow faded altars: false
     0 | D:1      | 0 ||| qw: Do Orc after D:15 true
     0 | D:1      | 0 ||| qw: Do second Lair branch before Depths: true
     0 | D:1      | 0 ||| qw: Lair rune preference: random
     0 | D:1      | 0 ||| qw: Plans: Normal
     0 | D:1      | 0 ||| PLANNING D:1-11
   195 | D:1      | Reached skill level 3 in Axes
   195 | D:1      | Reached XP level 2. HP: 12/17 MP: 6/6
   722 | D:1      | HP: 4/17 [jackal (2)]
   778 | D:1      | 778 ||| Stepping ~*~*~tactically~*~*~ (stealth).
   785 | D:1      | 785 ||| Stepping ~*~*~tactically~*~*~ (stealth).
   797 | D:1      | 797 ||| Stepping ~*~*~tactically~*~*~ (stealth).
   802 | D:1      | 802 ||| Stepping ~*~*~tactically~*~*~ (stealth).
   813 | D:1      | 813 ||| Stepping ~*~*~tactically~*~*~ (stealth).
   886 | D:1      | Reached XP level 3. HP: 13/21 MP: 7/7
  1213 | D:1      | Found a faded altar of an unknown god.
  1332 | D:1      | 1332 ||| UPGRADING to +0 scale mail.
  1342 | D:1      | 1342 ||| DROPPING +0 leather armour.
  1343 | D:1      | 1343 ||| UPGRADING to +4 ring of evasion.
  1344 | D:1      | 1344 ||| READING scroll labelled ZOF WURANAUWALE.
  1344 | D:1      | Identified a scroll of acquirement
  1344 | D:1      | 1344 ||| ACQUIRING ring of the Moon {Wiz Drain rElec rCorr
                  | Dex+5}
  1344 | D:1      | Acquired the ring of the Moon {Wiz Drain rElec rCorr Dex+5}
  1346 | D:1      | 1346 ||| UPGRADING to ring of the Moon {Wiz Drain rElec
                  | rCorr Dex+5}.
  1347 | D:1      | 1347 ||| READING scroll labelled HOYKHLO CAYB WUQYCS.
  1348 | D:1      | 1348 ||| DRINKING 2 clear potions.
  1349 | D:1      | 1349 ||| DROPPING scroll of blinking.
  1350 | D:1      | 1350 ||| DROPPING potion of degeneration.
  1401 | D:2      | 1401 ||| STAIRDANCE
  1409 | D:2      | 1409 ||| STAIRDANCE
  1463 | D:2      | Reached skill level 4 in Axes
  1489 | D:2      | 1489 ||| Stepping ~*~*~tactically~*~*~ (hiding).
  1689 | D:2      | 1689 ||| DROPPING +0 mace.
  1702 | D:2      | Reached XP level 4. HP: 23/26 MP: 8/8
  1765 | D:2      | 1765 ||| DROPPING +0 flail.
  1778 | D:2      | Identified the +7 hammer of the King {freeze, Int+3}
  1930 | D:2      | Found a runed translucent door.
  1931 | D:2      | Noticed Crazy Yiuf
  1984 | D:2      | 1984 ||| UPGRADING to +0 chain mail.
  1994 | D:2      | 1994 ||| DROPPING +0 scale mail.
  1995 | D:2      | 1995 ||| READING scroll labelled YRARATWUELL.
  1996 | D:2      | 1996 ||| READING scroll labelled KAKLAM VOERAC.
  1997 | D:2      | 1997 ||| READING scroll labelled LOPSEG DAUTTER.
  2005 | D:2      | 2005 ||| DRINKING 3 pink potions.
  2032 | D:3      | 2032 ||| STAIRDANCE
  2079 | D:3      | 2079 ||| STAIRDANCE
  2229 | D:3      | Reached skill level 5 in Axes
  2262 | D:3      | 2262 ||| Stepping ~*~*~tactically~*~*~ (stealth).
  2401 | D:3      | 2401 ||| Stepping ~*~*~tactically~*~*~ (stealth).
  2403 | D:3      | 2403 ||| Stepping ~*~*~tactically~*~*~ (stealth).
  2434 | D:3      | 2434 ||| FLEEEEING.
  2435 | D:3      | 2435 ||| FLEEEEING.
  2436 | D:3      | 2436 ||| FLEEEEING.
  2437 | D:3      | 2437 ||| FLEEEEING.
  2438 | D:3      | 2438 ||| FLEEEEING.
  2439 | D:3      | 2439 ||| FLEEEEING.
  2440 | D:3      | 2440 ||| FLEEEEING.
  2443 | D:3      | 2443 ||| FLEEEEING.
  2444 | D:3      | 2444 ||| FLEEEEING.
  2445 | D:3      | 2445 ||| FLEEEEING.
  2446 | D:3      | 2446 ||| FLEEEEING.
  2447 | D:3      | 2447 ||| FLEEEEING.
  2448 | D:3      | 2448 ||| FLEEEEING.
  2449 | D:3      | 2449 ||| FLEEEEING.
  2454 | D:3      | 2454 ||| FLEEEEING.
  2455 | D:3      | 2455 ||| FLEEEEING.
  2456 | D:3      | 2456 ||| FLEEEEING.
  2457 | D:3      | 2457 ||| FLEEEEING.
  2458 | D:3      | 2458 ||| FLEEEEING.
  2459 | D:3      | 2459 ||| FLEEEEING.
  2460 | D:3      | 2460 ||| STAIRDANCE
  2569 | D:2      | 2569 ||| READING 2 scrolls labelled AMUEHU QIUSHA.
  2570 | D:2      | 2570 ||| READING 2 scrolls labelled WOUBLI LOSUMY.
  2571 | D:2      | 2571 ||| DROPPING scroll of immolation.
  2572 | D:2      | 2572 ||| DROPPING scroll of poison.
  2573 | D:2      | 2573 ||| Stepping randomly (stuck).
  2576 | D:2      | HP: 1/26 [Crazy Yiuf/+3 quarterstaff of chaos (11)]
  2576 | D:2      | Slain by Crazy Yiuf

Levels and vault maps discovered:
D:1:      lightli_arrival_maybe_door_vault, layout_loops_ring,
          hellmonk_ecumenical_altar_inner_sanctum
D:2:      layout_rooms, minmay_between, uniq_crazy_yiuf_cottage
D:3:      layout_rooms

Skill      XL: |  1  2  3  4 |
---------------+-------------+-----
Axes           | 3 4 5 |  5.2
Fighting       | |  2.0
Throwing       | |  1.0
Armour         | |  1.1
Dodging        | |  2.1
Spellcasting   | |  2.0
Translocations | |  2.4

Action                   |  1- 3 |  4- 6 || total
-------------------------+-------+-------++-------
Melee: Hand axe          |    96 |    47 ||   143
       Peck              |    15 |     4 ||    19
       Kick              |    23 |    11 ||    34
Throw: Boomerang         |    25 |    33 ||    58
  Use: Scroll            |     2 |     5 ||     7
       Potion            |     1 |     1 ||     2
Armor: Leather armour    |    15 |       ||    15
       Scale mail        |    14 |       ||    14
       Chain mail        |       |    11 ||    11
Dodge: Dodged            |    54 |    23 ||    77

Table legend:
 A = Non-vault XP
 B = Vault XP
 C = Vault XP percentage of total XP
 D = Non-vault monster count
 E = Vault monster count
 F = Vault count percentage of total count
                 A         B        C        D         E       F
            +---------+---------+-------+---------+---------+-------
      Total |     128 |      15 |  10.5 |      58 |       5 |   7.9
            +---------+---------+-------+---------+---------+-------
        D:1 |      40 |       0 |   0.0 |      24 |       0 |   0.0
        D:2 |      46 |      15 |  24.6 |      18 |       5 |  21.7
        D:3 |      42 |       0 |   0.0 |      16 |       0 |   0.0
            +---------+---------+-------+---------+---------+-------
